 Dungeon Crawl Stone Soup version 0.15-a0-1174-g8389a64 (webtiles) character file.

719 Infinimo the Insei (level 7, -1/51 HPs)
             Began as a Demigod Transmuter on May 31, 2014.
             Killed by divine providence
             ... invoked by an orc priest
              (10 damage)
             ... on Level 5 of the Dungeon.
             The game lasted 00:13:33 (6527 turns).

Infinimo the Insei (Demigod Transmuter)             Turns: 6527, Time: 00:13:33

HP  -1/51        AC  2     Str 16      XL: 7   Next: 18%
MP  12/15        EV 20     Int 17      God:
Gold 191         SH  0     Dex 23      Spells:  2 memorised,  5 levels left

rFire  . . .     SeeInvis .       - Unarmed
rCold  . . .     Clarity  .     p - melded +1 leather armour
rNeg   . . .     rCorr    .     (shield currently unavailable)
rPois  x         rRot     .     (helmet currently unavailable)
rElec  .         Spirit   .     (cloak currently unavailable)
SustAb .         Warding  .     (gloves currently unavailable)
rMut   .         Stasis   .     r - melded +0 pair of boots
Gourm  .                        j - amulet of rage
MR     .....                    e - +3 ring of strength
                                w - cursed -3 ring of intelligence

@: spider-form, not resistant to hostile enchantments, unstealthy
A: no striking features
a: End Transformation, Evoke Berserk Rage


You were on level 5 of the Dungeon.
You were very hungry.
You were in spider-form.
You visited 1 branch of the dungeon, and saw 5 of its levels.

You collected 191 gold pieces.

Inventory:

Missiles
 b - 12 arrows
Armour
 p - a +1 leather armour (melded)
 r - a +0 pair of boots (melded)
Comestibles
 a - 3 bread rations
 f - a beef jerky
 i - a royal jelly
 l - 6 fruits
 u - 2 meat rations
Scrolls
 o - 10 scrolls of identify
 q - a scroll of remove curse {unknown}
 s - a scroll of enchant weapon I
 y - a scroll of teleportation
Jewellery
 e - a +3 ring of strength (right front leg)
 j - an amulet of rage (around neck)
 k - an uncursed ring of see invisible
 t - a +3 ring of protection
 w - a cursed -3 ring of intelligence (left front leg)
 z - a +2,+5 ring of slaying {unknown}
 A - an uncursed ring of protection from cold
Potions
 c - 2 potions of curing
 g - a potion of heal wounds {unknown}
 h - a potion of paralysis {unknown}
 m - a potion of agility {unknown}
 n - 2 potions of haste
 v - a potion of restore abilities {unknown}
 x - a potion of flight {unknown}
Books
 d - a book of Changes

   Spells                             Type                      Level
   *Beastly Appendage                 Transmutation                1
   Sticks to Snakes                   Transmutation                2
   *Spider Form                       Transmutation/Poison         3
   Ice Form                           Ice/Transmutation            4
   Blade Hands                        Transmutation                5


   Skills:
 - Level 0.8 Fighting
 - Level 1.7 Dodging
 * Level 6.9 Unarmed Combat
 - Level 1.7 Spellcasting
 + Level 4.3 Transmutations


You had 5 spell levels left.
You knew the following spells:

 Your Spells              Type           Power        Failure   Level  Hunger
a - Beastly Appendage     Trmt           ###...       12%         1    #......
b - Spider Form           Trmt/Pois      #.........   45%         3    ####...


Dungeon Overview and Level Annotations

Branches:
Dungeon (5/15)
 Temple: D:4-7

Annotations:
D:3 Sigmund


Message History

The orc priest calls down the wrath of Beogh upon you.
Something smites you!
* * * LOW HITPOINT WARNING * * *
The orc wizard gestures wildly while chanting.
The orc wizard flickers and vanishes!
Deactivating autopickup; reactivate with Ctrl-A.
Ouch! The magic dart hits you!
* * * LOW HITPOINT WARNING * * *
Drink which item? (? for menu, Esc to quit)
You feel better. The magic dart hits you!
* * * LOW HITPOINT WARNING * * *
Casting: Beastly Appendage
Confirm with . or Enter, or press ? or * to list all spells.
You turn into a venomous arachnid creature.
Your +0 pair of boots melds into your body.
Your +1 leather armour melds into your body.
The orc priest invokes the aid of Beogh against you.
Something smites you!
You die...

.... ##o...## ...
##....###### ..#####
##..(..#..# ((#...##
##.o.....# ..(...)##
#.o......# ........##
##...#....# ....#....##
#..g.###..#
.####.....###.>.#######
.# ###.....#...s..# ##
##....##.....##
#.....##.....#
###....###...#
#.....##....#
#...###....##
#.....#...##
##........# ##......##


You could see an orc priest and a hobgoblin.

Vanquished Creatures
  The ghost of Amnesiac the Sneak, an average DEEn (D:4)
  A sky beast (D:5)
  A centaur (D:5)
  Blork the orc (D:5)
  A scorpion (D:4)
  2 hounds (D:4)
  3 worker ants
  Natasha (thrice) (D:4)
  5 adders
  2 giant mites (D:3)
  3 worms
  2 giant geckos
  5 orcs
  4 giant cockroaches
  7 hobgoblins
  11 jackals
  9 kobolds
  2 quokkas
  A ball python (D:3)
  8 bats
  8 giant newts
  6 goblins
  25 rats
111 creatures vanquished.

Notes
Turn   | Place    | Note
--------------------------------------------------------------
     0 | D:1      | Infinimo, the Demigod Transmuter, began the quest for the Orb.
     0 | D:1      | Reached XP level 1. HP: 15/15 MP: 3/3
   401 | D:1      | Reached skill level 3 in Unarmed Combat
   956 | D:1      | Reached XP level 2. HP: 22/22 MP: 4/4
  2118 | D:2      | Reached XP level 3. HP: 19/27 MP: 5/7
  2804 | D:2      | Reached skill level 4 in Unarmed Combat
  2896 | D:2      | Learned a level 3 spell: Spider Form
  3063 | D:3      | Noticed Sigmund
  3361 | D:3      | Reached XP level 4. HP: 34/34 MP: 9/9
  3855 | D:4      | Noticed Amnesiac's ghost (average DEEn)
  3878 | D:4      | Killed Amnesiac's ghost
  3878 | D:4      | Reached skill level 5 in Unarmed Combat
  3878 | D:4      | Reached XP level 5. HP: 16/39 MP: 8/10
  4186 | D:4      | Noticed Natasha
  4193 | D:4      | Killed Natasha
  4301 | D:4      | Reached XP level 6. HP: 30/46 MP: 11/13
  4700 | D:4      | Noticed Natasha
  4711 | D:4      | Killed Natasha
  4711 | D:4      | Reached skill level 6 in Unarmed Combat
  5155 | D:4      | Noticed Natasha
  5338 | D:4      | Killed Natasha
  5581 | D:5      | Entered Level 5 of the Dungeon
  5706 | D:5      | Noticed Blork the orc
  6094 | D:5      | Killed Blork the orc
  6094 | D:5      | Reached XP level 7. HP: 43/51 MP: 12/15
  6217 | D:5      | Found an opulent altar of Gozag.
  6527 | D:5      | Killed from afar by an orc priest

Action                   |  1- 3 |  4- 6 |  7- 9 || total
-------------------------+-------+-------+-------++-------
Melee: Unarmed           |   147 |   239 |    12 ||   398
 Cast: Beastly Appendage |     6 |    23 |     1 ||    30
       Spider Form       |       |     1 |     1 ||     2
  Use: Scroll            |     3 |     6 |       ||     9
       Potion            |     3 |       |     1 ||     4
 Stab: Sleeping          |     2 |       |       ||     2
